 Dungeon Crawl Stone Soup version 0.16-a0-119-gc74d62a (webtiles) character file.

74879 PolkaDot the Bewitcher (level 15, -22/90 HPs)
             Began as a Vampire Enchanter on Aug 12, 2014.
             Was the Champion of Ashenzari.
             Killed from afar by a war gargoyle (44 damage)
             ... with a spray of metal splinters
             ... on Level 14 of the Dungeon.
             The game lasted 02:20:06 (30205 turns).

PolkaDot the Bewitcher (Vampire Enchanter)         Turns: 30205, Time: 02:20:06

HP -22/90        AC 11     Str 14      XL: 15   Next:  8%
MP  17/35        EV 18     Int 21      God: Ashenzari [******]
Gold 1782        SH  7     Dex 20      Spells: 10 memorised,  1 level left

rFire  . . .     SeeInvis +     p - +4 dagger (speed) (curse)
rCold  + . .     Clarity  +     x - +3 robe of Clouds {+Fly rElec}
rNeg   + + +     rCorr    .     A - +0 buckler (curse)
rPois  +         rRot     +     c - +0 hat (curse)
rElec  +         Spirit   .     f - +1 cloak (curse)
SustAb .         Warding  .     M - +1 pair of gloves (curse)
rMut   +         Stasis   .     G - +0 pair of boots (curse)
Gourm  .                        e - cursed amulet of resist mutation
MR     +....                    K - cursed ring of Absolutism {+Blink rN+ Str+2 SInv}
                                D - cursed +5 ring of dexterity

@: mighty, very slightly contaminated, regenerating slowly, somewhat resistant
to hostile enchantments, incredibly stealthy
A: bottle blood, fangs 3, horns 1, see invisible, unbreathing
a: Bat Form, Bottle Blood, Scrying, Transfer Knowledge, Renounce Religion, Evoke
Blink, Evoke Flight


You were on level 14 of the Dungeon.
You worshipped Ashenzari.
Ashenzari was exalted by your worship.
You were very thirsty.

You visited 3 branches of the dungeon, and saw 23 of its levels.
You also visited: Sewer, Ossuary and Bailey.

You collected 1782 gold pieces.

Inventory:

Hand weapons
 p - a cursed +4 dagger of speed (weapon)
Missiles
 y - a throwing net (quivered)
Armour
 c - a cursed +0 hat (worn)
 f - a cursed +1 cloak (worn)
 x - the cursed +3 robe of Clouds (worn) {+Fly rElec}
   (You took it off a crimson imp on level 14 of the Dungeon)

   It insulates you from electricity.
   It lets you fly.
   It has a curse placed upon it.
 A - a cursed +0 buckler (worn)
 G - a cursed +0 pair of boots (worn)
 M - a cursed +1 pair of gloves (worn)
Magical devices
 i - a wand of enslavement (9)
 o - a wand of paralysis (14)
 q - a wand of invisibility (0)
 r - a wand of enslavement (12)
 z - a wand of enslavement (15)
 E - a wand of digging (6)
 I - a wand of fire (6)
 J - a wand of cold (2)
 N - a wand of disintegration (14)
 P - a wand of confusion (12)
 Q - a wand of draining (2)
 S - a wand of magic darts (21)
Scrolls
 a - a scroll of curse jewellery
 b - a scroll of curse armour
 d - a scroll of torment
 h - 10 scrolls of remove curse
 j - a scroll of blinking
 k - 5 scrolls of fog
 l - 2 scrolls of fear
 m - 7 scrolls of immolation
 t - 8 scrolls of teleportation
 u - 3 scrolls of recharging
 L - 2 scrolls of vulnerability
Jewellery
 e - a cursed amulet of resist mutation (around neck)
 D - a cursed +5 ring of dexterity (left hand)
 K - the cursed ring of Absolutism (right hand) {+Blink rN+ Str+2 SInv}
   (You found it on level 4 of the Lair of Beasts)

   [ring of see invisible]

   It affects your strength (+2).
   It protects you from negative energy.
   It enhances your eyesight.
   It lets you blink.
   It has a curse placed upon it.
Potions
 n - a potion of cancellation
 w - 2 potions of flight
 B - a potion of haste
 C - 2 potions of might
 H - 4 potions of restore abilities
Books
 s - a book of Enchantments

   Spells                             Type                      Level
   Tukima's Dance                     Hexes                        3
   *Cause Fear                        Hexes                        4
   Silence                            Hexes/Air                    5
   Deflect Missiles                   Charms/Air                   6
   *Haste                             Charms                       6
   *Discord                           Hexes                        8
 v - a book of Ice {@w1}

   Spells                             Type                      Level
   Metabolic Englaciation             Hexes/Ice                    5
   Ozocubu's Refrigeration            Ice                          6
   Bolt of Cold                       Conjuration/Ice              6
   Freezing Cloud                     Conjuration/Ice/Air          6
   Simulacrum                         Ice/Necromancy               6
 O - a book of Burglary

   Spells                             Type                      Level
   Swiftness                          Charms/Air                   2
   *Passwall                          Transmutation/Earth          3
   Passage of Golubria                Translocation                4
   Lee's Rapid Deconstruction         Earth                        5
   *Invisibility                      Hexes                        6
   Darkness                           Hexes                        7


   Skills:
 - Level 3.0(6.8) Short Blades
 - Level 6.0 Armour
 * Level 3.5(7.5) Dodging
 + Level 18.0(21.7) Stealth
 - Level 5.1(8.1) Shields
 - Level 13.1 Spellcasting
 + Level 20.3(23.8) Hexes
 - Level 6.2(10.7) Charms
 - Level 1.8(5.0) Transmutations
 - Level 2.2(5.6) Ice Magic
 - Level 1.9(5.1) Earth Magic
 - Level 1.0(3.5) Evocations


You had one spell level left.
You knew the following spells:

 Your Spells              Type           Power        Failure   Level  Hunger
a - Corona                Hex            #######      0%          1    None
b - Sure Blade            Hex/Chrm       ######....   0%          2    None
c - Confuse               Hex            #######.     0%          3    None
d - Ensorcelled Hibernat  Hex/Ice        ######       0%          2    None
e - Enslavement           Hex            #######.     0%          4    None
f - Cause Fear            Hex            #######...   0%          4    None
h - Haste                 Chrm           ######..     10%         6    #####..
i - Invisibility          Hex            #######.     1%          6    #####..
p - Passwall              Trmt/Erth      #####.....   1%          3    None
z - Discord               Hex            #######...   2%          8    #######


Dungeon Overview and Level Annotations

Branches:
Dungeon (14/15)            Temple (1/1) D:4             Orc (0/4) D:9
   Lair (8/8) D:10          Swamp (0/5) Lair:5        Snake (0/5) Lair:5
  Slime (0/6) Lair:8       Vaults (0/5) D:13

Altars:
Ashenzari
Cheibriados
Dithmenos
Elyvilon
Fedhas
Gozag
Kikubaaqudgha
Makhleb
Nemelex Xobeh
Okawaru
Qazlal
Sif Muna
Trog
Vehumet
Xom
Yredelemnul
Zin
The Shining One
Jiyva

Portals:
Trove: D:11 (give +5 fire dragon armour)


Innate Abilities, Weirdness & Mutations

You heal slowly.
You can bottle blood from corpses.
You have razor-sharp teeth.
You have supernaturally acute eyesight.
You can survive without breathing.
You have a pair of small horns on your head.


Message History

t - Shout!
Orders for allies: a - Attack new target. p - Attack previous target. r - Retreat! s - Stop attacking. w - Wait here. f - Follow me.
Anything else - Stay silent.
Wait here!
Your red wasp stings the brown ugly thing!
The brown ugly thing is poisoned.
The brown ugly thing suddenly stops moving!
A five-headed hydra comes into view.
Your red wasp stings the brown ugly thing!
The brown ugly thing looks even sicker.
The helpless brown ugly thing fails to defend itself.
You skewer the brown ugly thing like a kebab!!!!!
You kill the brown ugly thing!
You are standing in the rain.
The war gargoyle launches metal splinters at you.
The spray of metal splinters hits your red wasp.
The spray of metal splinters hits you!
You die...

##....PC.## ##...##
##.....P...## ##...##
#...#...#...###...##,*
.(.###.# #...#...##..#
(.## #* ##.....##,..#
.## ##.u.##∆ ..# ..##
##..9..##,..# ...##
#...#y..##..# #...##
##...###.@.#.[#
##...###...# ∆##§....#
##...#...##, ,##...##
##.....##...D.D.§##
##...##......≈.##
#####*#########
####################
...................#
..............####.##


You could see a brown ugly thing, a war gargoyle and a friendly red wasp.

Vanquished Creatures
  Gastronok (Lair:2)
  A stone giant (D:11)
  An ice dragon (D:13)
  10 hydras
  3 centaur warriors (D:14)
  A tengu warrior (D:14)
  2 death yaks (Lair:8)
  Nergalle (Lair:8)
  3 unseen horrors
  2 deep elf knights
  Erolcha (D:13)
  3 hill giants
  2 griffons
  5 ugly things
  A mana viper (shapeshifter) (D:13)
  2 cyclopes (D:11)
  Maurice (D:13)
  A guardian serpent (shapeshifter) (D:13)
  A manticore (D:12)
  11 elephants
  22 spiny frogs
  3 black mambas
  Psyche (D:13)
  2 fire drakes
  4 kobold demonologists (D:14)
  A queen ant (Lair:7)
  6 komodo dragons
  A deep elf priest (Bailey)
  Grinder (D:4)
  2 giant leeches (Lair:8)
  15 blink frogs
  A polar bear (Lair:3)
  A troll (D:12)
  A hydra skeleton (D:12)
  7 deep elf magi
  4 shadows
  A boulder beetle (D:14)
  4 basilisks
  3 deep elf fighters (Bailey)
  5 wraiths
  A hill giant zombie (D:11)
  12 hippogriffs
  A wyvern (D:9)
  Eustachio (D:10)
  2 hungry ghosts
  33 yaks
  3 killer bees
  9 vampire mosquitoes
  15 wolves
  14 water moccasins
  A hill giant skeleton (D:14)
  A tengu zombie (D:13)
  An ice beast (D:10)
  14 soldier ants (Lair:7)
  2 sky beasts
  An ogre skeleton (D:14)
  A mottled dragon (D:13)
  6 orc warriors
  Purgy (Sewer)
  11 porcupines
  3 black bears
  5 ogres
  4 centaurs
  2 phantoms
  A necrophage (D:9)
  A boring beetle (Lair:8)
  Sigmund (D:4)
  A brain worm (D:11)
  13 crocodiles
  34 giant frogs
  6 big kobolds
  Blork the orc (D:6)
  2 eyes of draining
  5 electric eels
  3 scorpions
  8 wights
  2 centaur zombies
  2 quasits
  11 crimson imps
  A giant frog zombie (D:10)
  2 goliath beetles (D:9)
  5 jellies
  2 centaur skeletons (D:11)
  13 hounds
  6 iguanas
  5 orc priests
  8 orc wizards
  43 worker ants
  28 sheep
  Ijyb (D:6)
  Jessica (D:3)
  A brain worm zombie (D:14)
  2 mummies
  3 worker ant zombies
  26 adders
  An orc zombie (D:13)
  12 gnolls
  48 green rats
  2 giant mites
  2 shadow imps
  4 worms
  An inept feature mimic (D:2)
  An ooze (D:2)
  40 orcs
  A bat skeleton (D:5)
  9 giant cockroaches
  11 goblins
  14 hobgoblins
  18 jackals
  2 ball pythons
  14 bats
  4 giant geckos
  6 giant newts
  A hobgoblin skeleton (Ossuary)
  2 hobgoblin zombies (Ossuary)
  30 kobolds
  2 orc skeletons (Ossuary)
  17 quokkas
  17 rats
  5 ballistomycetes (D:13)
  A fungus (Lair:5)
785 creatures vanquished.

Vanquished Creatures (collateral kills)
  5 death yaks (Lair:8)
  8 ugly things (D:14)
  A phantasmal warrior (D:14)
  2 spiny frogs
  A komodo dragon (Lair:7)
  A tengu conjurer (D:14)
  A two-headed ogre (D:8)
  3 blink frogs (Lair:8)
  7 yaks
  A wraith (Ossuary)
  An ogre skeleton (D:14)
  4 centaurs (D:14)
  4 giant frogs
  8 killer bees
  A wight (Ossuary)
  An electric eel (Lair:8)
  2 orc priests
  An orc wizard (D:13)
  A quasit (D:9)
  A worker ant (D:14)
  2 green rats (Lair:8)
  3 orcs
  3 giant spores (D:14)
62 creatures vanquished.

Vanquished Creatures (others)
  A hydra (D:14)
  A cyclops (D:12)
  A vampire (D:14)
  A yak (Lair:8)
  An orc (D:12)
  A giant spore (D:13)
  2 ballistomycetes (D:14)
  8 fungi
  17 plants
33 creatures vanquished.

Grand Total: 880 creatures vanquished

Notes
Turn   | Place    | Note
--------------------------------------------------------------
     0 | D:1      | PolkaDot, the Vampire Enchanter, began the quest for the Orb.
     0 | D:1      | Reached XP level 1. HP: 13/13 MP: 3/3
   420 | D:1      | Reached XP level 2. HP: 14/19 MP: 1/4
   567 | D:1      | Learned a level 2 spell: Ensorcelled Hibernation
   713 | D:1      | Reached skill level 1 in Ice Magic
  1305 | D:2      | Reached XP level 3. HP: 15/24 MP: 1/6
  1741 | D:2      | Reached skill level 5 in Hexes
  1863 | D:2      | Learned a level 3 spell: Confuse
  2150 | D:2      | Found a shimmering altar of Xom.
  2160 | D:2      | Reached XP level 4. HP: 30/30 MP: 7/7
  2325 | D:2      | Reached skill level 5 in Stealth
  3062 | D:2      | HP: 1/30 [adder (2)]
  3087 | D:2      | Reached skill level 6 in Hexes
  3525 | D:3      | Reached XP level 5. HP: 35/35 MP: 3/9
  3627 | D:3      | You fall through a shaft for 2 floors!
  3627 | D:5      | Entered Level 5 of the Dungeon
  3678 | D:5      | Found an opulent altar of Gozag.
  3726 | D:5      | Got a crude trident
  3727 | D:5      | Identified the +1 trident of the Whale {vamp, rC+ SInv Stlth+} (You found it on level 5 of the Dungeon)
  3769 | D:5      | Noticed an ogre
  3787 | D:5      | Killed an ogre
  3887 | D:4      | Noticed Sigmund
  3896 | D:4      | Killed Sigmund
  3896 | D:4      | Reached skill level 7 in Hexes
  3896 | D:4      | Reached XP level 6. HP: 41/41 MP: 4/10
  4010 | D:4      | Found a sand-covered staircase.
  4028 | Ossuary  | Entered an ossuary
  4263 | Ossuary  | Reached skill level 8 in Hexes
  4290 | Ossuary  | Noticed a flying skull
  4290 | Ossuary  | Noticed a wraith
  4297 | Ossuary  | Noticed a flying skull
  4330 | Ossuary  | Noticed a wraith
  4341 | Ossuary  | Noticed a flying skull
  4349 | Ossuary  | Noticed a wraith
  4357 | Ossuary  | Killed a wraith
  4357 | Ossuary  | Reached XP level 7. HP: 32/46 MP: 4/12
  4361 | Ossuary  | Noticed a flying skull
  4384 | Ossuary  | Reached skill level 9 in Hexes
  4395 | Ossuary  | Killed a wraith
  4817 | D:4      | Noticed an ogre
  4822 | D:4      | Killed an ogre
  4822 | D:4      | Reached skill level 1 in Armour
  4822 | D:4      | Reached skill level 10 in Hexes
  4824 | D:4      | Noticed Grinder
  4844 | D:4      | Killed Grinder
  4844 | D:4      | Reached XP level 8. HP: 29/52 MP: 8/13
  5230 | D:4      | Learned a level 4 spell: Enslavement
  5917 | D:4      | Reached skill level 11 in Hexes
  6290 | D:4      | Found a staircase to the Ecumenical Temple.
  6298 | Temple   | Entered the Ecumenical Temple
  6414 | Temple   | Became a worshipper of Ashenzari the Shackled
  6489 | D:3      | Found a stormy altar of Qazlal.
  6491 | D:3      | Noticed Jessica
  6498 | D:3      | Killed Jessica
  7989 | D:6      | Found a glowing drain.
  8012 | Sewer    | Entered a sewer
  8016 | Sewer    | Noticed Purgy
  8018 | Sewer    | Killed Purgy
  8041 | Sewer    | Reached skill level 12 in Hexes
  8311 | D:6      | Noticed Blork the orc
  8322 | D:6      | Killed Blork the orc
  8368 | D:6      | Found a deep blue altar of Sif Muna.
  8475 | D:6      | Identified Sif Muna's Papyrus of the Escort
  8704 | D:6      | Acquired Ashenzari's first power
  8874 | D:6      | Reached XP level 9. HP: 54/57 MP: 11/14
  8876 | D:6      | Found a shadowy altar of Dithmenos.
  8918 | D:6      | Found a burning altar of Makhleb.
  9000 | D:6      | Reached skill level 10 in Stealth
  9353 | D:6      | Noticed Ijyb
  9355 | D:6      | Killed Ijyb
  9514 | D:7      | Found a bloodstained altar of Trog.
  9566 | D:7      | Found a flagged portal.
  9647 | Bailey   | Entered a bailey
  9658 | Bailey   | Reached skill level 13 in Hexes
  9692 | Bailey   | Reached skill level 14 in Hexes
  9759 | Bailey   | Noticed a deep elf knight
  9771 | Bailey   | Killed a deep elf knight
  9771 | Bailey   | Reached XP level 10. HP: 34/63 MP: 8/16
 10074 | Bailey   | Reached skill level 5 in Armour
 10618 | D:7      | Reached skill level 1 in Shields
 10623 | D:7      | Acquired Ashenzari's second power
 10882 | D:8      | Noticed an unseen horror
 10958 | D:8      | Killed an unseen horror
 11212 | D:8      | Reached skill level 5 in Shields
 11376 | D:8      | Found an ancient bone altar of Kikubaaqudgha.
 11459 | D:8      | Reached skill level 1 in Evocations
 11599 | D:9      | Found a staircase to the Orcish Mines.
 11722 | D:9      | Reached skill level 15 in Hexes
 12191 | D:9      | Acquired Ashenzari's third power
 12415 | D:9      | Gained mutation: You have a pair of small horns on your head. [potion of beneficial mutation]
 12762 | D:10     | Entered Level 10 of the Dungeon
 12786 | D:10     | Found a staircase to the Lair.
 12795 | D:10     | Noticed Eustachio
 12813 | D:10     | Killed Eustachio
 12845 | D:10     | Noticed a hill giant
 12894 | D:10     | Killed a hill giant
 12894 | D:10     | Reached XP level 11. HP: 68/68 MP: 9/17
 13126 | D:10     | Learned a level 2 spell: Sure Blade
 13673 | D:10     | Acquired Ashenzari's fourth power
 13768 | Lair:1   | Entered Level 1 of the Lair of Beasts
 13787 | Lair:1   | Reached skill level 16 in Hexes
 15234 | Lair:2   | Noticed a four-headed hydra
 15245 | Lair:2   | Killed a four-headed hydra
 15264 | Lair:2   | Noticed a five-headed hydra
 15371 | Lair:1   | Noticed a four-headed hydra
 15381 | Lair:1   | Killed a four-headed hydra
 15477 | Lair:2   | Noticed Gastronok
 15503 | Lair:2   | Killed Gastronok
 15673 | Lair:2   | Identified the +3 flail "Plenatau" {elec, rN+}
 15745 | Lair:2   | Reached skill level 17 in Hexes
 15753 | Lair:2   | Learned a level 6 spell: Haste
 15797 | Lair:2   | Reached skill level 5 in Spellcasting
 15821 | Lair:2   | Reached skill level 1 in Charms
 16220 | Lair:2   | Killed a five-headed hydra
 16220 | Lair:2   | Reached XP level 12. HP: 53/74 MP: 24/24
 16354 | Lair:3   | Learned a level 4 spell: Cause Fear
 16395 | Lair:3   | Noticed a four-headed hydra
 16412 | Lair:3   | Killed a four-headed hydra
 17042 | Lair:4   | Identified the ring of Absolutism {+Blink rN+ Str+2 SInv}
 17491 | Lair:4   | Noticed a four-headed hydra
 17522 | Lair:4   | Killed a four-headed hydra
 17638 | Lair:4   | Reached skill level 5 in Charms
 17829 | Lair:4   | Reached skill level 18 in Hexes
 18408 | Lair:5   | Found a staircase to the Swamp.
 18508 | Lair:5   | Found a staircase to the Snake Pit.
 19264 | Lair:6   | Reached XP level 13. HP: 79/79 MP: 29/29
 19267 | Lair:6   | Noticed a five-headed hydra
 19274 | Lair:6   | Killed a five-headed hydra
 19292 | Lair:6   | Learned a level 8 spell: Discord
 20665 | Lair:7   | Reached skill level 15 in Stealth
 20941 | Lair:7   | Reached skill level 10 in Spellcasting
 21282 | Lair:7   | Identified the +11 battleaxe of Dim Light {flame, Stlth+}
 22067 | Lair:7   | Reached skill level 19 in Hexes
 22206 | Lair:7   | Identified the +0 hand axe "Seize" {chop, +Fly Str+3 Dex-2}
 22302 | Lair:8   | Entered Level 8 of the Lair of Beasts
 22603 | Lair:8   | Found a viscous altar of Jiyva.
 22737 | Lair:8   | Found a staircase to the Slime Pits.
 23091 | Lair:8   | Reached XP level 14. HP: 85/85 MP: 30/33
 23371 | Lair:8   | Noticed Nergalle
 23397 | Lair:8   | Killed Nergalle
 24343 | Lair:8   | Identified the amulet of Sheg {Faith Str+1 Int+3}
 24768 | Lair:8   | Learned a level 3 spell: Passwall
 25115 | D:11     | Found a portal to a secret trove of treasure.
 25632 | D:11     | Reached skill level 1 in Earth Magic
 26409 | D:12     | Found a burning altar of Makhleb.
 26754 | D:12     | Found a shadowy altar of Dithmenos.
 26764 | D:12     | Identified the +9 trident of Dim Light {pain, +Rage MR+}
 26771 | D:12     | Reached skill level 1 in Transmutations
 27042 | D:13     | Noticed Maurice
 27049 | D:13     | Killed Maurice
 27128 | D:13     | Noticed Psyche
 27133 | D:13     | Killed Psyche
 27326 | D:13     | Found a gate to the Vaults.
 27790 | D:13     | Reached skill level 20 in Hexes
 27961 | D:13     | Noticed Erolcha
 27963 | D:13     | Killed Erolcha
 29439 | D:14     | Learned a level 6 spell: Invisibility
 29629 | D:14     | Noticed a storm dragon
 29655 | D:14     | Reached XP level 15. HP: 52/90 MP: 16/35
 30205 | D:14     | Killed from afar by a war gargoyle

Action                   |  1- 3 |  4- 6 |  7- 9 | 10-12 | 13-15 || total
-------------------------+-------+-------+-------+-------+-------++-------
Melee: Dagger            |    56 |    81 |   236 |   465 |   674 ||  1512
       Short sword       |    92 |       |       |       |       ||    92
       Trident           |       |     5 |       |       |       ||     5
 Cast: Corona            |     9 |     3 |     2 |     2 |    19 ||    35
       Ensorcelled Hiber |     7 |    23 |    88 |   169 |   226 ||   513
       Confuse           |     1 |    11 |    12 |    48 |    55 ||   127
       Enslavement       |       |       |       |    12 |    28 ||    40
       Sure Blade        |       |       |       |     1 |     2 ||     3
       Passwall          |       |       |       |       |    14 ||    14
       Discord           |       |       |       |       |    14 ||    14
       Cause Fear        |       |       |       |       |     1 ||     1
 Abil: End Transformatio |       |       |     1 |     1 |     3 ||     5
       Bat Form          |       |       |     1 |     1 |     3 ||     5
Evoke: Wand              |       |     2 |     6 |     7 |     9 ||    24
  Use: Scroll            |     6 |     6 |    13 |    22 |    15 ||    62
       Potion            |     1 |     2 |     6 |     6 |     9 ||    24
 Stab: Sleeping          |    11 |    26 |    84 |   184 |   267 ||   572
       Confused          |     1 |     2 |     3 |    26 |    43 ||    75
       Invisible         |       |       |     2 |       |     7 ||     9
       Paralysed         |       |       |     1 |       |     1 ||     2
       Distracted        |       |       |       |     2 |    12 ||    14
       Betrayed ally     |       |       |       |     1 |       ||     1
  Eat: Corpse            |       |     1 |       |       |     3 ||     4
